 Dungeon Crawl Stone Soup version 0.29.1-15-g9cfb28693d (webtiles) character file.

Game seed: 15289239755137630499

4134 Renzlar the Blocker (level 10, 82/82 HPs)
             Began as a Gnoll Fighter on Mar 11, 2023.
             Was a Follower of Yredelemnul.
             Quit the game on level 8 of the Dungeon on Mar 12, 2023.
             The game lasted 00:35:47 (9781 turns).

Renzlar the Blocker (Gnoll Fighter)                 Turns: 9781, Time: 00:35:47

Health: 82/82      AC: 13    Str: 18    XL:     10   Next: 27%
Magic:  17/17      EV: 19    Int:  7    God:    Yredelemnul [*.....]
Gold:   464        SH:  6    Dex: 14    Spells: 19/19 levels left

rFire   . . .      SeeInvis .   w - +4 dagger
rCold   . . .      Faith    .   k - +0 buckler
rNeg    . . .      Spirit   .   b - +2 scale mail
rPois   .          Reflect  .   e - +0 helmet
rElec   .          Harm     .   y - +0 cloak
rCorr   .          Rampage  .   (no gloves)
Will    .....                   (no boots)
Stlth   ++........              (no amulet)
HPRegen 0.23/turn               i - +4 ring of evasion
MPRegen 0.15/turn               A - +4 ring of evasion

@: no status effects
A: fangs 1, strong nose, distributed training
a: Renounce Religion, Recall Undead Harvest


You were on level 8 of the Dungeon.
You worshipped Yredelemnul.
Yredelemnul was noncommittal.
You visited 2 branches of the dungeon, and saw 9 of its levels.
You also visited: Ossuary.

You collected 464 gold pieces.

Inventory:

Hand Weapons
 a - a +0 war axe
 c - a +0 sling
 d - a +6 scimitar
 u - a +0 morningstar
 w - a +4 dagger (weapon)
Missiles
 o - 2 datura-tipped darts
 q - 2 throwing nets (quivered)
 r - 13 poisoned darts
Armour
 b - a +2 scale mail (worn)
 e - a +0 helmet (worn)
 k - a +0 buckler (worn)
 y - a +0 cloak (worn)
Jewellery
 f - a ring of protection from fire
 i - a +4 ring of evasion (left hand)
 s - a ring of flight
 x - a ring of fire
 A - a +4 ring of evasion (right hand)
Wands
 l - a wand of roots (6)
 p - a wand of flame (46)
 t - a wand of charming (26)
 C - a wand of mindburst (12)
Scrolls
 v - 3 scrolls of fear
Potions
 g - a potion of invisibility
 h - 2 potions of haste
 j - 6 potions of curing
 m - a potion of flight
 n - 2 potions of heal wounds
 z - a potion of ambrosia {unknown}
 B - a potion of mutation
 D - a potion of cancellation


   Skills:
 + Level 8.5 Fighting
 + Level 5.3 Short Blades
 + Level 5.3 Long Blades
 + Level 7.1 Axes
 + Level 5.3 Maces & Flails
 + Level 5.3 Polearms
 + Level 5.3 Staves
 + Level 5.3 Ranged Weapons
 + Level 5.3 Throwing
 + Level 8.5 Armour
 + Level 5.3 Dodging
 + Level 5.3 Stealth
 + Level 8.5 Shields
 + Level 5.3 Unarmed Combat
 + Level 5.3 Spellcasting
 + Level 4.4 Conjurations
 + Level 4.4 Hexes
 + Level 4.4 Summonings
 + Level 4.4 Necromancy
 + Level 4.4 Translocations
 + Level 4.4 Transmutations
 + Level 4.4 Fire Magic
 + Level 4.4 Ice Magic
 + Level 4.4 Air Magic
 + Level 4.4 Earth Magic
 + Level 4.4 Poison Magic
 + Level 5.8 Invocations
 + Level 5.3 Evocations


You had 19 spell levels left.
You didn't know any spells.
Your spell library contained the following spells:

 Spells                   Type           Power      Damage    Failure   Level
 Shock                    Conj/Air       32%        1d5       16%         1
 Frozen Ramparts          Ice            16%        1d3       41%         3
 Inner Flame              Hex/Fire       8%         N/A       41%         3
 Swiftness                Air            8%         N/A       41%         3
 Airstrike                Air            4%         2d(1-17)  83%         4
 Cause Fear               Hex            4%         N/A       83%         4
 Ice Form                 Ice/Tmut       8%         N/A       83%         4
 Summon Ice Beast         Ice/Summ       8%         N/A       83%         4
 Discord                  Hex            4%         N/A       100%        8


Dungeon Overview and Level Annotations

Branches:
Dungeon (8/15)             Temple (1/1) D:6         Ossuary (visited)
   Lair: D:8-11

Altars:
Ashenzari
Cheibriados
Dithmenos
Elyvilon
Fedhas
Gozag
Hepliaklqana
Kikubaaqudgha
Makhleb
Nemelex Xobeh
Okawaru
Qazlal
Ru
Sif Muna
Trog
Uskayaw
Vehumet
Wu Jian
Xom
Yredelemnul
Zin
The Shining One


Innate Abilities, Weirdness & Mutations

You have very sharp teeth.
Your uncanny sense of smell can sniff out nearby items.
Your experience applies equally to all skills.


Message History

s - a scroll of identify
As you read the scroll of identify, it crumbles to dust.
B - a potion of mutation You swap places.
You swap places.
You swap places.
There is an open door here.
Things that are here:
a +0 dagger; a +0 leather armour
Things that are here:
a +0 short sword; a scroll of poison
Things that are here:
a +0 short sword; a +0 ring mail
Found a stone staircase leading down.
There is a stone staircase leading down here.
s - a ring of flight You swap places.
There is a stone staircase leading down here.
v - 3 scrolls of fear (gained 1)
You open the door.
There is an open door here.
You swap places.
There is an open door here.
You swap places.
Things that are here:
a +0 robe; a +0 whip of freezing
There is an open door here.
You open the door.
There is an open door here.
You swap places.
You swap places.
There is an open door here.
You swap places.
You see here a +0 chain mail.
You open the door.
There is an open door here.
You see here a +0 leather armour.
There is an open door here.
Done exploring.
Are you sure you want to abandon this character and quit the game? (Confirm with "yes".)

########.Z##Z####
##....#...Z##Z....
#..........#.Z...#
#..........#..Z..#
#..........#..Z..#
#..........#..Z.##
#.....##...##.Z.##
#.....##...##....#
#@.........#.....#
#ZZ........#...Z.#
#..........#...Z.#
#..........#.....#
#..........#.....#
##....##...#.....#
###'####...#....##
#.....##..)##...##
#.....#######....#


You could see a friendly bullfrog zombie and a friendly centaur zombie.

Vanquished Creatures
  Pikel (D:8)
  2 wraiths (Ossuary)
  2 wyverns
  The ghost of SirLogeyBear the Chopper, an amateur HOBe of Trog (D:4)
  A steam dragon (D:6)
  2 water moccasins
  An orc warrior (D:7)
  Duvessa (D:6)
  A black bear (D:6)
  An ogre (D:4)
  2 centaurs
  3 phantoms
  A kobold brigand (D:6)
  2 bullfrogs
  3 scorpions
  10 wights
  Dowan (D:6)
  An electric eel (D:7)
  2 hounds (D:5)
  2 gnoll boudas
  4 orc priests
  4 iguanas
  Ijyb (D:5)
  6 orc wizards
  13 gnolls
  7 adders
  4 white imps
  An adder zombie (Ossuary)
  4 worms
  2 dart slugs
  42 orcs
  6 ball pythons
  4 bats
  11 endoplasms
  2 giant cockroaches
  3 goblins
  3 hobgoblins
  8 jackals
  9 quokkas
  3 ball python skeletons (Ossuary)
  A frilled lizard (D:3)
  A goblin zombie (D:8)
  A hobgoblin skeleton (Ossuary)
  A hobgoblin zombie (Ossuary)
  5 kobolds
  4 orc zombies (Ossuary)
  A quokka zombie (D:8)
  4 rats
195 creatures vanquished.

Vanquished Creatures (collateral kills)
  A bullfrog (D:8)
  4 orcs
  2 kobolds (D:6)
7 creatures vanquished.

Vanquished Creatures (others)
  A wyvern zombie (D:7)
  A water moccasin zombie (D:7)
  A steam dragon zombie (D:6)
  An iguana zombie (D:6)
  2 spectral white imps (D:6)
  An orc (D:4)
  2 kobold zombies (D:6)
  5 orc zombies
  14 plants (D:6)
28 creatures vanquished.

Grand Total: 230 creatures vanquished

Notes
Turn   | Place    | Note
-------+----------+-------------------------------------------
     0 | D:1      | Renzlar the Gnoll Fighter began the quest for the Orb.
     0 | D:1      | Reached XP level 1. HP: 23/23 MP: 1/1
   135 | D:1      | Reached XP level 2. HP: 21/29 MP: 2/2
  1070 | D:2      | Reached XP level 3. HP: 35/35 MP: 2/4
  1083 | D:2      | Reached skill level 1 in Invocations
  1146 | D:2      | Reached skill level 1 in Short Blades
  1146 | D:2      | Reached skill level 1 in Long Blades
  1146 | D:2      | Reached skill level 1 in Maces & Flails
  1146 | D:2      | Reached skill level 1 in Polearms
  1146 | D:2      | Reached skill level 1 in Staves
  1146 | D:2      | Reached skill level 1 in Ranged Weapons
  1146 | D:2      | Reached skill level 1 in Throwing
  1146 | D:2      | Reached skill level 1 in Dodging
  1146 | D:2      | Reached skill level 1 in Stealth
  1146 | D:2      | Reached skill level 1 in Unarmed Combat
  1146 | D:2      | Reached skill level 1 in Spellcasting
  1146 | D:2      | Reached skill level 1 in Evocations
  1146 | D:2      | Reached XP level 4. HP: 23/41 MP: 5/5
  1148 | D:2      | Reached skill level 1 in Conjurations
  1148 | D:2      | Reached skill level 1 in Hexes
  1148 | D:2      | Reached skill level 1 in Summonings
  1148 | D:2      | Reached skill level 1 in Necromancy
  1148 | D:2      | Reached skill level 1 in Translocations
  1148 | D:2      | Reached skill level 1 in Transmutations
  1148 | D:2      | Reached skill level 1 in Fire Magic
  1148 | D:2      | Reached skill level 1 in Ice Magic
  1148 | D:2      | Reached skill level 1 in Air Magic
  1148 | D:2      | Reached skill level 1 in Earth Magic
  1148 | D:2      | Reached skill level 1 in Poison Magic
  1437 | D:2      | Reached XP level 5. HP: 16/47 MP: 5/7
  3292 | D:4      | Noticed an ogre
  3300 | D:4      | Killed an ogre
  3301 | D:4      | Reached skill level 5 in Axes
  3301 | D:4      | Reached XP level 6. HP: 46/53 MP: 7/9
  3496 | D:4      | Found an ancient bone altar of Kikubaaqudgha.
  3715 | D:4      | Found a runed translucent gate.
  3716 | D:4      | Found a runed translucent gate.
  3716 | D:4      | Noticed SirLogeyBear's ghost (amateur HOBe)
  3717 | D:4      | Found a runed translucent gate.
  3718 | D:4      | Identified the +0 leather armour of the Saviour {Rampage
                  | Dex+5 SInv}
  3755 | D:4      | Killed SirLogeyBear's ghost
  3756 | D:4      | Reached XP level 7. HP: 41/60 MP: 10/10
  4102 | D:5      | Entered Level 5 of the Dungeon
  4579 | D:5      | Noticed Ijyb
  4591 | D:5      | Killed Ijyb
  4592 | D:5      | Reached XP level 8. HP: 66/67 MP: 12/12
  4626 | D:5      | Found a glowing golden altar of the Shining One.
  4897 | D:5      | Found a blossoming altar of Fedhas.
  5713 | D:6      | Found a staircase to the Ecumenical Temple.
  5722 | Temple   | Entered the Ecumenical Temple
  5891 | Temple   | Became a worshipper of Yredelemnul the Dark
  6276 | D:6      | Reached XP level 9. HP: 44/73 MP: 14/14
  6276 | D:6      | Reached * piety under Yredelemnul
  6459 | D:6      | Found an iron altar of Okawaru.
  6468 | D:6      | Noticed Duvessa
  6475 | D:6      | Killed Duvessa
  6513 | D:6      | Noticed Dowan
  6519 | D:6      | Killed Dowan
  6520 | D:6      | Reached ** piety under Yredelemnul
  7410 | D:7      | Reached skill level 5 in Invocations
  8350 | D:8      | Noticed Pikel
  8365 | D:8      | Killed Pikel
  8535 | D:8      | Found a sand-covered staircase.
  8553 | Ossuary  | Entered an ossuary
  8628 | Ossuary  | Reached skill level 5 in Short Blades
  8628 | Ossuary  | Reached skill level 5 in Long Blades
  8628 | Ossuary  | Reached skill level 5 in Maces & Flails
  8628 | Ossuary  | Reached skill level 5 in Polearms
  8628 | Ossuary  | Reached skill level 5 in Staves
  8628 | Ossuary  | Reached skill level 5 in Ranged Weapons
  8628 | Ossuary  | Reached skill level 5 in Throwing
  8628 | Ossuary  | Reached skill level 5 in Dodging
  8628 | Ossuary  | Reached skill level 5 in Stealth
  8628 | Ossuary  | Reached skill level 5 in Unarmed Combat
  8628 | Ossuary  | Reached skill level 5 in Spellcasting
  8628 | Ossuary  | Reached skill level 5 in Evocations
  8877 | Ossuary  | Reached XP level 10. HP: 64/81 MP: 17/17
  9781 | D:8      | Quit the game

Illustrated notes

Levels and vault maps discovered:
D:1:      psy_arrival_conway, layout_basic
D:2:      layout_basic, serial_bayou_pond_d, moated_statue
D:3:      layout_basic, minmay_randomly_rotated_circles
D:4:      layout_basic, kiku_gazebo_pond_becter, biasface_ghost_orc_armoury
D:5:      nicolae_cairo_tiling_very_big, layout_basic, fedhas_altar_2,
          general_overflow_altar, uniq_ijyb
D:6:      layout_loops_corners, okawaru_trees_2, minmay_temple_entry_mist,
          ebering_dispersal_statue_hall, minmay_misc_feat_hallway,
          serial_bayou_lagoon_a, lightli_orcish_oven, uniq_duvessa
D:7:      layout_loops_ring, kennysheep_small_spiral
D:8:      layout_gridville, enter_ossuary_4, uniq_pikel
Temple:   mainiacjoe_temple_coin_purse

Skill      XL: |  1  2  3  4  5  6  7  8  9 10 |
---------------+-------------------------------+-----
Invocations    | 1 2 3 4 5 |  5.8
Short Blades   | 1 2 3 5 |  5.3
Long Blades    | 1 2 3 5 |  5.3
Maces & Flails | 1 2 3 5 |  5.3
Polearms       | 1 2 3 5 |  5.3
Staves         | 1 2 3 5 |  5.3
Ranged Weapons | 1 2 3 5 |  5.3
Throwing       | 1 2 3 5 |  5.3
Dodging        | 1 2 3 5 |  5.3
Stealth        | 1 2 3 5 |  5.3
Unarmed Combat | 1 2 3 5 |  5.3
Spellcasting   | 1 2 3 5 |  5.3
Evocations     | 1 2 3 5 |  5.3
Conjurations   | 1 2 3 4 |  4.4
Hexes          | 1 2 3 4 |  4.4
Summonings     | 1 2 3 4 |  4.4
Necromancy     | 1 2 3 4 |  4.4
Translocations | 1 2 3 4 |  4.4
Transmutations | 1 2 3 4 |  4.4
Fire Magic     | 1 2 3 4 |  4.4
Ice Magic      | 1 2 3 4 |  4.4
Air Magic      | 1 2 3 4 |  4.4
Earth Magic    | 1 2 3 4 |  4.4
Poison Magic   | 1 2 3 4 |  4.4
Axes           | 5 6 7 |  7.1
Fighting       | 7 8 |  8.5
Armour         | 7 8 |  8.5
Shields        | 7 8 |  8.5

Action                   |  1- 3 |  4- 6 |  7- 9 | 10-12 || total
-------------------------+-------+-------+-------+-------++-------
Melee: War axe           |    83 |   139 |    14 |       ||   236
       Bite              |    10 |    15 |    23 |    11 ||    59
       Scimitar          |       |       |   266 |    76 ||   342
       Dagger            |       |       |     2 |     9 ||    11
 Fire: Sling             |       |    40 |    48 |       ||    88
Throw: Dart              |       |       |     3 |       ||     3
       Throwing net      |       |       |     1 |       ||     1
Invok: Recall Undead Har |       |       |     2 |       ||     2
       Dark Bargain      |       |       |     1 |       ||     1
Evoke: Wand              |       |       |     1 |       ||     1
  Use: Scroll            |     5 |     6 |     8 |     3 ||    22
       Potion            |       |     2 |       |       ||     2
 Stab: Invisible         |       |     2 |     3 |       ||     5
       Sleeping          |       |       |     4 |     1 ||     5
       Distracted        |       |       |     2 |       ||     2
Armor: Scale mail        |    48 |    48 |    88 |    39 ||   223
Dodge: Dodged            |    49 |   100 |   180 |   150 ||   479
Block: Buckler           |    27 |    44 |    73 |    46 ||   190
